 Dungeon Crawl Stone Soup version 0.14.0-6-g1bc2dff (webtiles) character file.

569 Ragg the Digger (level 6, -7/55 HPs)
             Began as a Troll Earth Elementalist on Apr 12, 2014.
             Was a Follower of Makhleb.
             Killed from afar by Ijyb (19 damage)
             ... with a wand of lightning
             ... on Level 4 of the Dungeon.
             The game lasted 00:12:26 (2880 turns).

Ragg the Digger (Troll Earth Elementalist)          Turns: 2880, Time: 00:12:27

HP  -7/55        AC  5     Str 17      XL: 6   Next: 60%
MP   0/6         EV 10     Int 11      God: Makhleb [*.....]
Gold 154         SH  0     Dex 12      Spells:  2 memorised,  5 levels left

rFire  . . .     SeeInvis .     a - +0,+1 spear (venom)
rCold  . . .     Clarity  .     t - +0 robe
rNeg   + . .     Conserve .     (shield restricted)
rPois  .         rCorr    .     (helmet restricted)
rElec  .         rRot     .     (no cloak)
SustAb . .       Spirit   .     (gloves unavailable)
rMut   .         Warding  .     (boots unavailable)
Gourm  +         Stasis   .     (no amulet)
MR     .....                    (no ring)
                                A - ring of positive energy {unknown}

@: very slightly contaminated, not resistant to hostile enchantments, unstealthy
A: unfitting armour, claws 3, fast metabolism 3, gourmand, regeneration 2,
saprovore 2, shaggy fur 1, tough skin 2
a: Renounce Religion


You were on level 4 of the Dungeon.
You worshipped Makhleb.
Makhleb was aware of your devotion.
You were completely stuffed.

You visited 1 branch of the dungeon, and saw 4 of its levels.

You collected 154 gold pieces.

Inventory:

Hand weapons
 a - a +0,+1 spear of venom (weapon)
Missiles
 b - 77 stones (quivered)
Armour
 t - a +0 robe (worn)
Comestibles
 e - 3 meat rations
 f - 10 sultanas
 j - a pear
 o - 2 bread rations
 p - an apple
 r - 2 rotting chunks of worker ant flesh
 w - a rotting chunk of goblin flesh
 z - a chunk of rat flesh
 B - 3 chunks of worker ant flesh
 C - a rotting chunk of hobgoblin flesh
Scrolls
 g - 2 scrolls of teleportation {unknown}
 k - 3 scrolls of remove curse {unknown}
 m - 7 scrolls of identify {unknown}
 q - a scroll of random uselessness {unknown}
 s - a scroll of recharging {unknown}
 u - a scroll of immolation {unknown}
 v - a scroll of magic mapping {unknown}
 x - a scroll of fog {unknown}
 y - a scroll of enchant weapon II {unknown}
Jewellery
 A - a ring of positive energy (left claw) {unknown}
Potions
 h - a potion of curing
 i - a potion of paralysis {unknown}
 n - a potion of lignification {unknown}
Books
 d - a book of Geomancy

   Spells                             Type                      Level
   *Sandblast                         Earth                        1
   *Stoneskin                         Transmutation/Earth          2
   Passwall                           Transmutation/Earth          3
   Stone Arrow                        Conjuration/Earth            3
   Petrify                            Transmutation/Earth          4
   Lee's Rapid Deconstruction         Earth                        5


   Skills:
 + Level 1.5 Fighting
 + Level 2.6 Dodging
 - Level 1.1 Stealth
 + Level 2.7 Unarmed Combat
 + Level 1.9 Spellcasting
 + Level 2.0 Transmutations
 + Level 3.9 Earth Magic
 + Level 1.1 Invocations


You had 5 spell levels left.
You knew the following spells:

 Your Spells              Type           Power        Failure   Level  Hunger
a - Sandblast             Erth           #.....       10%         1    ##.....
b - Stoneskin             Trmt/Erth      #.........   17%         2    ###....


Dungeon Overview and Level Annotations

Branches:
Dungeon (4/15)
 Temple: D:4-7

Altars:
Dithmenos
Elyvilon
Fedhas
Makhleb

Annotations:
D:4 Ijyb, Natasha


Innate Abilities, Weirdness & Mutations

You are too large for most types of armour.
You have claws for hands.
Your metabolism is lightning-fast.
You like to eat raw meat.
You heal very quickly.
You can eat rotten meat.
You are covered in fur (AC +1).
You have very tough skin (AC +2).


Message History

Casting: Sandblast
Confirm with . or Enter, or press ? or * to list all spells.
Aiming: Sandblast
Press: ? - help, Shift-Dir - straight line, f/p - Ijyb
Aim: Ijyb wearing a chain mail and carrying a wand of lightning {zapped: 3} (lightly wounded)
The rocky blast hits Ijyb.
Ijyb is lightly wounded.
Ijyb hits you but does no damage.
Casting: Sandblast
Confirm with . or Enter, or press ? or * to list all spells.
You don't have enough magic to cast that spell.
Casting: Sandblast
Confirm with . or Enter, or press ? or * to list all spells.
You don't have enough magic to cast that spell.
It begins to drip with poison!
a - a +0,+1 spear of venom (weapon)
You hit Ijyb but do no damage.
Ijyb is poisoned.
Ijyb is lightly wounded.
Ijyb zaps a wand.
The bolt of lightning hits you!
You die...

... #......
+.......
#........
#.........
#.........#
#.........#
#.g.......#
#.@..>....#
#.........#
#.........#
###'#######
#.)..##
####..#
########'####
#...........#
#...........#


You could see Ijyb.

Vanquished Creatures
  A crimson imp (D:3)
  A hound (D:4)
  A centaur skeleton (D:4)
  An orc wizard (D:3)
  3 worker ants (D:4)
  Jessica (D:3)
  Terence (D:3)
  3 adders
  6 gnolls
  A giant mite (D:4)
  2 giant geckos (D:2)
  An ooze (D:1)
  3 orcs (D:3)
  12 bats
  4 giant cockroaches
  10 goblins
  12 hobgoblins
  11 kobolds
  A quokka (D:3)
  A ball python (D:2)
  2 giant newts
  A kobold zombie (D:3)
  A quokka skeleton (D:4)
  11 rats
  A plant (D:1)
92 creatures vanquished.

Vanquished Creatures (others)
  An iguana (D:3)
  A plant (D:1)
2 creatures vanquished.

Grand Total: 94 creatures vanquished

Notes
Turn   | Place    | Note
--------------------------------------------------------------
     0 | D:1      | Ragg, the Troll Earth Elementalist, began the quest for the Orb.
     0 | D:1      | Reached XP level 1. HP: 16/16 MP: 2/2
   229 | D:1      | Reached XP level 2. HP: 24/24 MP: 2/2
   366 | D:1      | Reached skill level 3 in Earth Magic
   481 | D:1      | Reached skill level 1 in Unarmed Combat
   793 | D:2      | Reached XP level 3. HP: 30/32 MP: 3/3
   812 | D:2      | Found a white marble altar of Elyvilon.
   818 | D:2      | Learned a level 2 spell: Stoneskin
  1195 | D:3      | Reached skill level 1 in Transmutations
  1277 | D:3      | Reached XP level 4. HP: 33/40 MP: 4/4
  1354 | D:3      | Noticed Terence
  1384 | D:3      | Killed Terence
  1658 | D:3      | Reached skill level 1 in Fighting
  1711 | D:3      | Noticed Jessica
  1734 | D:3      | Killed Jessica
  1935 | D:3      | Reached XP level 5. HP: 43/48 MP: 0/4
  2031 | D:3      | Found a burning altar of Makhleb.
  2065 | D:3      | Found a blossoming altar of Fedhas.
  2099 | D:3      | Became a worshipper of Makhleb the Destroyer
  2215 | D:4      | Noticed Natasha
  2379 | D:3      | HP: 2/48 [gnoll/spear (2)]
  2384 | D:3      | HP: 1/48 [poisoned by a kobold]
  2608 | D:4      | Reached XP level 6. HP: 43/55 MP: 6/6
  2636 | D:4      | Found a shadowy altar of Dithmenos.
  2818 | D:4      | Reached skill level 1 in Invocations
  2860 | D:4      | Acquired Makhleb's first power
  2866 | D:4      | Noticed Ijyb
  2880 | D:4      | Killed from afar by Ijyb

Action                   |  1- 3 |  4- 6 || total
-------------------------+-------+-------++-------
Melee: Unarmed           |   201 |   118 ||   319
       Dagger            |     8 |     3 ||    11
       Spear             |       |    56 ||    56
 Cast: Sandblast         |     3 |    20 ||    23
Evoke: Wand              |       |     1 ||     1
  Use: Potion            |       |     3 ||     3
 Stab: Sleeping          |     1 |     1 ||     2
